 Dungeon Crawl Stone Soup version 0.31-a0-845-g9abc20d24f (webtiles) character file.

Game seed: 2360985344368938468

20 Bravepunisher the Ducker (level 2, 0/16 HPs)
             Began as a Spriggan Monk on Oct 2, 2023.
             Slain by an ufetubus (1 damage)
             ... on level 5 of the Dungeon.
             The game lasted 00:03:18 (907 turns).

Bravepunisher the Ducker (Spriggan Monk)             Turns: 907, Time: 00:03:19

Health: 0/16       AC:  2    Str:  7    XL:     2   Next: 58%
Magic:  3/3        EV: 19    Int: 11    God:
Gold:   22         SH:  0    Dex: 17    Spells: 1/1 levels left

rFire   . . .        a - +0 short sword
rCold   . . .        (no shield)
rNeg    . . .        b - +0 robe
rPois   .            (helmet restricted)
rElec   .            (no cloak)
rCorr   .            (gloves unavailable)
SInv    +            (boots unavailable)
Will    .....        (no amulet)
Stlth   ++           (no ring)
HPRegen 0.22/turn    (no ring)
MPRegen 0.08/turn

%: no passive effects
@: very quick
A: very small, no large weapons, unfitting armour, see invisible, speed 3
a: no special abilities


You were on level 5 of the Dungeon.
You visited 1 branch of the dungeon, and saw 6 of its levels.

You collected 22 gold pieces.

Inventory:

Hand Weapons
 a - a +0 short sword (weapon)
Armour
 b - a +0 robe (worn)
Scrolls
 d - a scroll of torment {unknown}
 e - a scroll of vulnerability {unknown}
 f - a scroll of immolation {unknown}
 h - a scroll of teleportation {unknown}
 i - a scroll of blinking {unknown}
Potions
 c - a potion of ambrosia
 g - 2 potions of heal wounds {unknown}


   Skills:
 * Level 3.0 Fighting
 - Level 3.2 Short Blades
 + Level 4.5 Dodging


You had one spell level left.
You didn't know any spells.
Your spell library contained the following spells:

 Spells                   Type           Power      Damage    Failure   Level
 Sandblast                Erth           0%         2d4       34%         1
 Blink                    Tloc           0%         N/A       47%         2
 Lesser Beckoning         Tloc           0%         N/A       47%         2
 Momentum Strike          Conj/Tloc      0%         3d8       47%         2
 Passwall                 Tmut/Erth      0%         N/A       47%         2
 Stone Arrow              Conj/Erth      0%         3d7       71%         3
 Brom's Barrelling Bould  Conj/Erth      0%         2d3       98%         4


Dungeon Overview and Level Annotations

Branches:
Dungeon (6/15)
 Temple: D:4-7

Altars:

Annotations:
D:3 2 transporters, Grinder; ratmeat3's ghost, weakling OpBe


Innate Abilities, Weirdness & Mutations

You are very small and have problems with some larger weapons.
You are too small for most types of armour.
You have supernaturally acute eyesight. (SInv)
You cover ground extremely quickly. (Speed+++)


Message History

You hear the slow hiss of a very distant avalanche of sand.
A jelly comes into view.
A worm comes into view.
An orc priest and an orc wizard come into view.
The orc priest is wielding a +4 hand axe of electrocution.
The orc priest shouts!
The orc wizard shouts!
The orc wizard points at you and mumbles some strange words.
The magic dart hits you.
An orc comes into view. It is wielding a +0 whip.
You open the door.
An ice beast, an ogre and a bullfrog come into view.
The ogre shouts!
The orc shouts!
You hear a shout!
The bullfrog hits you.
Found a murky golden potion.
The bullfrog completely misses you. The bullfrog attacks as it pursues you!
The bullfrog closely misses you.
The orc priest calls down the wrath of Beogh upon you.
Beogh smites you!
Ouch! That really hurt!
* * * LOW HITPOINT WARNING * * *
A white imp comes into view.
A troll comes into view.
The troll shouts!
An iguana comes into view.
Found a stone staircase leading up.
The iguana hisses angrily.
You hear the slow hiss of a very distant avalanche of sand.
The iguana bites you.
The bullfrog releases a deep croak.
The bullfrog attacks as it pursues you! The bullfrog hits you.
* * * LOW HITPOINT WARNING * * *
An ufetubus comes into view.
The jelly quivers.
The ufetubus shouts!
The bullfrog attacks as it pursues you! The bullfrog hits you.
* * * LOW HITPOINT WARNING * * *
The ufetubus closely misses you. The ufetubus misses you.
The ufetubus attacks as it pursues you! The ufetubus closely misses you.
The ufetubus hits you.
You die...

##### #.#.# ##.#.# #
#....####### ...
##.....##...####
.....####......##.......
.......@5.F...l.........
.....#######............
... ###..#....... .
#..###..... #..# ##J...
...# ##... #...# ##J.
....#######.
##...........


You could see a bullfrog, an iguana and an ufetubus.

Vanquished Creatures
  An adder (D:2)
  A dart slug (D:3)
  2 ball pythons (D:4)
  2 endoplasms
  A goblin (D:3)
  A hobgoblin (D:4)
  A rat (D:3)
9 creatures vanquished.

Notes
Turn   | Place    | Note
-------+----------+-------------------------------------------
     0 | D:1      | Bravepunisher the Spriggan Monk began the quest for the
                  | Orb.
     0 | D:1      | Reached XP level 1. HP: 11/11 MP: 2/2
    26 | D:2      | Reached XP level 2. HP: 14/16 MP: 3/3
   109 | D:3      | Noticed Grinder
   168 | D:3      | Found a transporter.
   168 | D:3      | Found a transporter.
   168 | D:3      | Noticed ratmeat3's ghost (weakling OpBe)
   719 | D:5      | Entered Level 5 of the Dungeon
   764 | D:6      | Noticed a howler monkey
   818 | D:5      | Noticed an ice beast
   818 | D:5      | Noticed an ogre
   818 | D:5      | Noticed a bullfrog
   864 | D:5      | Noticed a troll
   907 | D:5      | Slain by an ufetubus

Illustrated notes

Levels and vault maps discovered:
D:1:      tarquinn_simple_flora_water_d, layout_loops_ring,
          minmay_misc_feat_tower, chequers_serial_rivers_small_3, st_stairs_9
D:2:      layout_basic, basic_ecumenical_altar, minmay_between
D:3:      layout_basic, serial_shops, nicolae_book_shop_shelving,
          gammafunk_ghost_mausoleum, uniq_grinder, uniq_natasha
D:4:      layout_gridville
D:5:      cheibrodos_barr_body, layout_layer_cave, serial_shops, shop,
          nicolae_ossuary_entry_monument
D:6:      lemuel_slime, layout_rooms, minmay_temple_entry_glass,
          kennysheep_windowed_goal, uniq_edmund, uniq_eustachio

Skill      XL: |  1  2 |
---------------+-------+-----
Fighting       | 3 |  3.0
Short Blades   | |  3.2
Dodging        | |  4.5

Action                     || total
---------------------------++-------
  Melee: Short sword       ||    47
   Stab: Sleeping          ||     3
 Armour: Robe              ||    16
  Dodge: Dodged            ||    32

Table legend: (Time is in decaauts)
 A = Elapsed time spent in this place.
 B = Non-inter-level travel time spent in this place.
 C = Inter-level travel time spent in this place.
 D = Time resting spent in this place.
 E = Time spent auto-exploring this place.
 F = Levels seen in this place.
 G = Mean time per level.
                   A        B        C        D        E       F      G
               +--------+--------+--------+--------+--------+-----+--------+
         Total |    591 |    591 |      0 |      0 |    230 |   6 |   98.5 |
       Dungeon |    591 |    591 |      0 |      0 |    230 |   6 |   98.5 |
               +--------+--------+--------+--------+--------+-----+--------+

Top non-repeatable levels by time:
     D:4: 321 daAuts
     D:3: 113 daAuts
     D:5: 111 daAuts
     D:2: 24 daAuts
     D:1: 16 daAuts
     D:6: 4 daAuts
